 Dungeon Crawl Stone Soup version 0.22-a0-891-g4570db1 (webtiles) character file.

22105 Hedningen the Cruncher (level 12, -13/85 HPs)
             Began as a Demonspawn Archaeologist on Aug 21, 2019.
             Was a High Priest of Vehumet.
             Mangled by an ettin
             ... wielding a +0 dire flail
              (49 damage)
             ... on level 1 of the Orcish Mines on Aug 23, 2019.
             The game lasted 00:35:59 (13412 turns).

Hedningen the Cruncher (Demonspawn Archaeologist)  Turns: 13412, Time: 00:35:59

Health: -13/85     AC: 15    Str: 15    XL:     12   Next: 60%
Magic:  24/24      EV: 18    Int: 17    God:    Vehumet [*****.]
Gold:   923        SH:  0    Dex: 14    Spells: 17/28 levels left

rFire    + . .     SeeInvis +   e - +9 staff of Olgreb {rPois}
rCold    . . .     Gourm    .   (no shield)
rNeg     . . .     Faith    .   f - +1 robe {MR+}
rPois    ∞         Spirit   .   T - +1 cloak
rElec    .         Reflect  .   r - +2 pair of gloves
rCorr    .         Harm     .   (no boots)
MR       +....                  h - amulet of regeneration (curse)
Stlth    ++........             n - +5 ring of evasion
HPRegen  0.64/turn              w - +6 ring of protection
MPRegen  0.19/turn

@: no status effects
A: antennae 3, rugged brown scales 1, clever 1, fire resistance 1, poison
resistance, powered by death 1
a: Renounce Religion


You were on level 1 of the Orcish Mines.
You worshipped Vehumet.
Vehumet was extremely pleased with you.
You were not hungry.

You visited 4 branches of the dungeon, and saw 16 of its levels.

You collected 1066 gold pieces.
You spent 143 gold pieces at shops.

Inventory:

Hand Weapons
 e - the +9 staff of Olgreb (weapon) {rPois}

   It protects you from poison.
 O - a +2 hunting sling of freezing
 S - a +0 blowgun
Missiles
 F - 8 curare-tipped needles
 Q - 37 sling bullets
Armour
 f - a +1 robe of magic resistance (worn)
 r - a +2 pair of gloves (worn)
 T - a +1 cloak (worn)
Jewellery
 c - an uncursed ring of ice
 d - an uncursed ring of wizardry
 h - a cursed amulet of regeneration (around neck)
 n - a +5 ring of evasion (left hand)
 w - a +6 ring of protection (right hand)
 z - an uncursed ring of protection from fire
Wands
 a - a wand of iceblast (4)
 s - a wand of acid (7)
 C - a wand of paralysis (17)
 K - a wand of enslavement (10)
 L - a wand of digging (19)
 M - a wand of polymorph (42)
 V - a wand of random effects (29)
 X - a wand of disintegration (13)
 Y - a wand of flame (67)
Scrolls
 l - 12 scrolls of teleportation
 m - 2 scrolls of enchant weapon
 t - 6 scrolls of amnesia
 y - 2 scrolls of recharging
 D - a scroll of fog
 G - 5 scrolls of remove curse
 I - a scroll of identify
Potions
 i - a potion of brilliance {unknown}
 j - 3 potions of haste
 k - a potion of resistance {unknown}
 q - 5 potions of curing
 v - 2 potions of flight
 x - a potion of agility {unknown}
 A - a potion of magic
 B - 4 potions of heal wounds
 H - 4 potions of cancellation
 N - a potion of berserk rage
 R - 2 potions of ambrosia
Comestibles
 g - 15 rations


   Skills:
 - Level 4.2 Fighting
 - Level 12.0 Staves
 - Level 2.6 Dodging
 - Level 0.8 Stealth
 - Level 8.8 Spellcasting
 - Level 6.8 Conjurations
 + Level 3.6 Transmutations
 - Level 5.0 Ice Magic
 - Level 7.5 Poison Magic
 - Level 7.0 Evocations


You had 17 spell levels left.
You knew the following spells:

 Your Spells              Type           Power        Failure   Level  Hunger
a - Freeze                Ice            ###.         1%          1    None
b - Ignite Poison         Fire/Tmut/Pois ####....     1%          3    None
c - Throw Icicle          Conj/Ice       ####....     2%          4    ###....
d - Mephitic Cloud        Conj/Pois/Air  #####...     1%          3    None

Your spell library contained the following spells:

 Spells                   Type           Power        Failure   Level  Hunger
 Magic Dart               Conj           ####         1%          1    None
 Conjure Flame            Conj/Fire      ###.....     1%          3    None
 Slow                     Hex            #.......     14%         2    None
 Blink                    Tloc           N/A          14%         2    None
 Call Imp                 Summ           #.......     14%         2    None
 Repel Missiles           Chrm/Air       #.....       14%         2    None
 Corpse Rot               Necr           N/A          14%         2    None
 Agony                    Necr           #.......     95%         5    #####..
 Sandblast                Erth           #.....       2%          1    None
 Petrify                  Tmut/Erth      ##......     41%         4    ###....


Dungeon Overview and Level Annotations

Branches:
Dungeon (11/15)            Temple (1/1) D:4            Lair (3/6) D:11
    Orc (1/2) D:11
  Swamp: Lair:2-4    Shoals: Lair:2-4     Snake: Lair:2-4    Spider: Lair:2-4

Altars:
Ashenzari
Cheibriados
Dithmenos
Elyvilon
Fedhas
Hepliaklqana
Jiyva
Kikubaaqudgha
Makhleb
Nemelex Xobeh
Okawaru
Qazlal
Ru
Sif Muna
Vehumet
Xom
Yredelemnul
Zin

Shops:
D:4 !   D:7 *:(   D:9 =

Annotations:
D:11 2 transporters, exclusion: orange crystal statue


Innate Abilities, Weirdness & Mutations

You have a pair of large antennae on your head. (SInv)
You are partially covered in rugged brown scales. (AC +1, +3% HP)
Your flesh is heat resistant. (rF+)
You regenerate a little health from kills.
Your mind is acute. (Int +2)
Your system is resistant to poisons. (rPois)


Message History

You are too injured to fight recklessly!
You are too injured to fight recklessly!
You are too injured to fight recklessly!
You are too injured to fight recklessly!
You are too injured to fight recklessly!
You are too injured to fight recklessly!
You are too injured to fight recklessly!
You are too injured to fight recklessly!
You are too injured to fight recklessly!
You are too injured to fight recklessly!
You are too injured to fight recklessly!
You are too injured to fight recklessly!
Okay, then.
You feel much better.
The cyclops throws a large rock.
The large rock hits you!!
* * * LOW HITPOINT WARNING * * *
The sheep closely misses you.
You feel much better. The ettin hits you but does no damage.
The ettin hits you with a dire flail!!!
Ouch! That really hurt!
You die...

$...##....##.#...# #
#.........#....###.##
## ....#....###...#
#.# #.
#.........#...## ...
## #..........###
...##
##...##....##....##
.....#............
#...........#.. { {
##.@.###....# { {
#CYC..........
#..Y).#....##...#
##..####...# ..##
#... .### .. ...#. .#
...### # #.#. ###


You could see an ettin, a cyclops and 2 sheep.

Vanquished Creatures
  Fannar (D:10)
  A catoblepas (D:10)
  2 two-headed ogres
  A queen ant (Lair:2)
  Nergalle (D:11)
  Sonja (D:10)
  An unseen horror (D:10)
  2 manticores (D:11)
  A centaur zombie (D:10)
  Maurice (D:10)
  Joseph (D:8)
  2 black mambas
  A gargoyle (D:10)
  A spiny frog (Lair:1)
  A komodo dragon (Lair:2)
  A troll (D:11)
  2 hippogriffs (Lair:1)
  13 yaks
  A basilisk (Lair:1)
  2 hungry ghosts
  Edmund (D:4)
  21 soldier ants
  2 water moccasins
  3 porcupines
  4 ice beasts
  5 sky beasts
  A swamp drake (D:11)
  A phantom (D:5)
  A black bear (D:6)
  An eye of draining (D:10)
  6 orc warriors
  10 ogres
  A centaur (D:10)
  6 wolves (Lair:2)
  4 crocodiles
  2 big kobolds
  8 bullfrogs
  A wyvern zombie (D:8)
  3 scorpions
  15 killer bees
  9 wights
  4 crimson imps
  3 howler monkeys (D:8)
  6 hounds
  4 bullfrog skeletons
  2 jellies
  7 orc priests
  An iguana (D:6)
  10 orc wizards
  26 worker ants
  A killer bee zombie (D:6)
  A hound zombie (D:9)
  A hound skeleton (D:7)
  4 worker ant zombies
  11 adders
  A howler monkey skeleton (D:5)
  4 gnolls (D:7)
  3 shadow imps
  3 oozes (D:3)
  2 adder zombies
  An adder skeleton (D:9)
  A worm (D:2)
  3 dart slugs
  2 leopard geckos
  58 orcs
  A ball python (D:6)
  7 giant cockroaches
  3 goblins
  2 hobgoblins
  25 jackals
  22 kobolds
  3 quokkas
  6 bats
  4 frilled lizards
  A jackal skeleton (D:4)
  A leopard gecko zombie (D:8)
  A quokka skeleton (D:4)
  13 rats
390 creatures vanquished.

Vanquished Creatures (collateral kills)
  A hydra (Lair:1)
  A porcupine (Lair:1)
2 creatures vanquished.

Grand Total: 392 creatures vanquished

Notes
Turn   | Place    | Note
-------+----------+-------------------------------------------
     0 | D:1      | Hedningen the Demonspawn Archaeologist began the quest for the Orb.
     0 | D:1      | Reached XP level 1. HP: 18/18 MP: 1/1
   256 | D:1      | Gained mutation: You have a pair of small antennae on your head. [demonic ancestry]
   256 | D:1      | Reached XP level 2. HP: 22/24 MP: 1/2
   749 | D:1      | Gained mutation: You are partially covered in rugged brown scales. (AC +1, +3% HP) [demonic ancestry]
   749 | D:1      | Reached XP level 3. HP: 25/30 MP: 2/3
  1325 | D:2      | Reached skill level 1 in Evocations
  1450 | D:2      | Found a shadowy altar of Dithmenos.
  2279 | D:3      | Reached XP level 4. HP: 22/38 MP: 5/6
  3185 | D:4      | Found a staircase to the Ecumenical Temple.
  3217 | D:4      | Noticed an ogre
  3223 | D:4      | Reached skill level 5 in Evocations
  3223 | D:4      | Reached XP level 5. HP: 41/43 MP: 7/9
  3233 | D:4      | Killed an ogre
  3337 | D:5      | Entered Level 5 of the Dungeon
  3341 | D:5      | Reached XP level 6. HP: 40/49 MP: 11/11
  3344 | D:5      | Reached skill level 1 in Staves
  3372 | Temple   | Entered the Ecumenical Temple
  3405 | Temple   | Became a worshipper of Vehumet
  3455 | D:4      | Found Michein's Distillery.
  3467 | D:4      | Bought a potion of mutation for 88 gold pieces
  3467 | D:4      | Bought a potion of heal wounds for 55 gold pieces
  3467 | D:4      | Gained mutation: You have sharp toenails. [potion of mutation]
  3467 | D:4      | Gained mutation: Your muscles are strong. (Str +2) [potion of mutation]
  3468 | D:4      | Lost mutation: You have sharp toenails. [potion of mutation]
  3468 | D:4      | Lost mutation: Your muscles are strong. (Str +2) [potion of mutation]
  3468 | D:4      | Gained mutation: You expend magic power (3 MP) to strengthen your wands. [potion of mutation]
  3468 | D:4      | Gained mutation: Devices are less effective at restoring your health. [potion of mutation]
  3468 | D:4      | Gained mutation: You have very sharp teeth. [potion of mutation]
  3675 | D:4      | Reached skill level 2 in Staves
  3679 | D:4      | Reached skill level 3 in Staves
  3879 | D:4      | Noticed Edmund
  3894 | D:4      | Killed Edmund
  3894 | D:4      | Reached skill level 4 in Staves
  3894 | D:4      | Gained mutation: You have a pair of antennae on your head. [demonic ancestry]
  3894 | D:4      | Reached XP level 7. HP: 36/55 MP: 11/12
  4172 | D:5      | Reached skill level 5 in Staves
  4461 | D:5      | Lost mutation: Devices are less effective at restoring your health. [potion of mutation]
  4461 | D:5      | Lost mutation: You expend magic power (3 MP) to strengthen your wands. [potion of mutation]
  4461 | D:5      | Gained mutation: Your system is resistant to poisons. (rPois) [potion of mutation]
  4461 | D:5      | Lost mutation: You have very sharp teeth. [potion of mutation]
  4461 | D:5      | Gained mutation: Your mind is acute. (Int +2) [potion of mutation]
  4614 | D:5      | Reached skill level 6 in Staves
  4807 | D:6      | Gained mutation: You regenerate a little health from kills. [demonic ancestry]
  4807 | D:6      | Reached XP level 8. HP: 61/61 MP: 12/13
  4848 | D:6      | Reached * piety under Vehumet
  4848 | D:6      | Offered knowledge of Freeze by Vehumet.
  4852 | D:6      | Reached skill level 7 in Staves
  4868 | D:6      | Found a blossoming altar of Fedhas.
  4869 | D:6      | Found a deep blue altar of Sif Muna.
  4874 | D:6      | Learned a level 1 spell: Freeze
  4903 | D:6      | Reached skill level 1 in Ice Magic
  5483 | D:7      | Found Ocicihud's General Store.
  5516 | D:7      | Reached skill level 8 in Staves
  5524 | D:7      | Gained mutation: You have a pair of large antennae on your head. (SInv) [demonic ancestry]
  5524 | D:7      | Reached XP level 9. HP: 66/66 MP: 13/14
  5552 | D:7      | Reached ** piety under Vehumet
  5620 | D:7      | Offered knowledge of Flame Tongue by Vehumet.
  5642 | D:7      | Found Huexuiza's Book Shoppe.
  5687 | D:7      | Found Kava's Weapon Shop.
  5704 | D:7      | Reached skill level 5 in Ice Magic
  5865 | D:7      | Offered knowledge of Ignite Poison by Vehumet.
  5877 | D:7      | Learned a level 3 spell: Ignite Poison
  5963 | D:7      | Reached skill level 9 in Staves
  6162 | D:8      | Reached skill level 1 in Poison Magic
  6182 | D:8      | Noticed Joseph
  6197 | D:8      | HP: 3/66 [Joseph/uncursed quarterstaff (8)]
  6203 | D:8      | Killed Joseph
  6203 | D:8      | Reached *** piety under Vehumet
  6203 | D:8      | Reached skill level 5 in Poison Magic
  6591 | D:8      | Noticed a two-headed ogre
  6647 | D:7      | Killed a two-headed ogre
  6647 | D:7      | Reached XP level 10. HP: 65/74 MP: 12/15
  6817 | D:8      | Identified the cursed +1 scale mail of the Scribe {rF- Regen+ rCorr Str+4} (You found it on level 8 of the Dungeon)
  7092 | D:8      | Offered knowledge of Throw Icicle by Vehumet.
  7102 | D:8      | Learned a level 4 spell: Throw Icicle
  7909 | D:9      | Noticed a two-headed ogre
  7922 | D:9      | Killed a two-headed ogre
  7922 | D:9      | Reached skill level 10 in Staves
  7962 | D:9      | Found Siduoghy's Jewellery Emporium.
  8319 | D:10     | Entered Level 10 of the Dungeon
  8396 | D:10     | Reached **** piety under Vehumet
  8407 | D:10     | Noticed Sonja
  8411 | D:10     | Killed Sonja
  8411 | D:10     | Reached skill level 11 in Staves
  8548 | D:10     | Noticed Fannar
  8557 | D:10     | Killed Fannar
  8557 | D:10     | Offered knowledge of Yara's Violent Unravelling by Vehumet.
  8598 | D:10     | Noticed Maurice
  8616 | D:10     | Killed Maurice
  8616 | D:10     | Gained mutation: Your flesh is heat resistant. (rF+) [demonic ancestry]
  8616 | D:10     | Reached XP level 11. HP: 50/79 MP: 15/16
  8712 | D:10     | Noticed an unseen horror
  8725 | D:10     | Killed an unseen horror
  8725 | D:10     | Reached skill level 12 in Staves
  8775 | D:10     | Reached skill level 1 in Conjurations
  8867 | D:10     | Noticed a catoblepas
  8879 | D:10     | Killed a catoblepas
  9331 | D:11     | Noticed Nergalle
  9338 | D:11     | Reached skill level 5 in Conjurations
  9341 | D:11     | Killed Nergalle
  9467 | D:11     | Found a staircase to the Lair.
  9497 | D:11     | Noticed a flayed ghost
  9498 | D:11     | Found a transporter.
  9499 | D:11     | Noticed a phantasmal warrior
  9506 | D:11     | Noticed an orange crystal statue
  9506 | D:11     | Noticed a centaur warrior
  9648 | D:11     | Reached skill level 1 in Spellcasting
  9676 | D:11     | Noticed a centaur warrior
  9678 | D:11     | Found a transporter.
  9940 | D:11     | Found a staircase to the Orcish Mines.
  9945 | D:11     | Reached ***** piety under Vehumet
  9945 | D:11     | Offered knowledge of Conjure Ball Lightning by Vehumet.
 10113 | D:11     | Learned a level 3 spell: Mephitic Cloud
 10269 | Lair:1   | Entered Level 1 of the Lair of Beasts
 10331 | Lair:1   | Identified the Volume of Doomed Clay
 10601 | Lair:1   | Reached skill level 5 in Spellcasting
 10970 | Lair:1   | Reached XP level 12. HP: 85/85 MP: 13/20
 11010 | Lair:1   | Noticed a six-headed hydra
 11023 | Lair:1   | Killed a six-headed hydra
 12203 | Lair:2   | Noticed a queen ant
 12208 | Lair:2   | Killed a queen ant
 12392 | Lair:2   | Reached skill level 1 in Transmutations
 12843 | Lair:3   | Noticed a four-headed hydra
 12851 | Lair:3   | Noticed a seven-headed hydra
 13035 | Orc:1    | Entered Level 1 of the Orcish Mines
 13401 | Orc:1    | Noticed an ettin
 13412 | Orc:1    | Mangled by an ettin

Vault maps used:
D:1:      lightli_arrival_chessboard
D:2:      first_ration, grunt_dithmenos_smoke_and_mirrors
D:4:      minmay_temple_entry_overgrown, serial_shops,
          nicolae_shop_competitors_out_of_business, uniq_edmund
D:5:      hangedman_decor_lopped
D:6:      gammafunk_temple_overflow_pools
D:7:      serial_shops, shop, shop_statue, nicolae_shop_statue_plus
D:8:      uniq_joseph
D:9:      serial_shops, shop
D:10:     uniq_maurice, uniq_sonja, uniq_fannar
D:11:     gammafunk_sealed_arena, lair_entry_dummy, erik_orc_1, uniq_nergalle
Temple:   regret_index_temple_sigil_plot
Lair:1:   minivault_26, grunt_megastairs_4
Lair:2:   minivault_29
Lair:3:   swamp_mist, minmay_snake_entry_guardpost_large

Skill      XL: |  1  2  3  4  5  6  7  8  9 10 11 12 |
---------------+-------------------------------------+-----
Fighting       | 4 |  4.2
Evocations     | 3 5 7 |  7.0
Staves         | 4 6 8 9 11 12 | 12.0
Ice Magic      | 4 5 |  5.0
Poison Magic   | 6 7 |  7.5
Conjurations   | 6 |  6.8
Spellcasting   | 5 8 |  8.8
Transmutations | 3 |  3.6
Dodging        | |  2.6
Stealth        | |  0.8

Action                   |  1- 3 |  4- 6 |  7- 9 | 10-12 || total
-------------------------+-------+-------+-------+-------++-------
Melee: Whip              |   198 |    86 |       |       ||   284
       Staff             |       |    55 |   329 |   608 ||   992
       Bite              |       |     3 |     6 |       ||     9
 Cast: Ignite Poison     |       |       |       |    25 ||    25
       Throw Icicle      |       |       |       |     3 ||     3
       Freeze            |       |       |       |     1 ||     1
       Mephitic Cloud    |       |       |       |     1 ||     1
Evoke: Staff of Olgreb   |       |     1 |     6 |    27 ||    34
       Wand              |       |       |       |    13 ||    13
  Use: Scroll            |     1 |     6 |       |    30 ||    37
       Potion            |       |     2 |     2 |     2 ||     6
 Stab: Sleeping          |     6 |     1 |     4 |     3 ||    14
       Distracted        |       |       |       |     1 ||     1
       Paralysed         |       |       |       |     1 ||     1
  Eat: Chunk             |     4 |     6 |     3 |    15 ||    28
       Ration            |       |       |     2 |     4 ||     6
Armor: Robe              |    64 |    24 |   112 |    94 ||   294
Dodge: Dodged            |   172 |   136 |   223 |   391 ||   922

Table legend:
 A = Spawn XP
 B = Non-spawn XP
 C = Spawn XP percentage of total XP
 D = Spawn monster count
 E = Non-spawn monster count
 F = Spawn count percentage of total count
 G = Total turns spent on level
                    A         B        C        D         E        F      G
               +---------+---------+-------+---------+---------+-------+---------
         Total |       0 |   31579 |   0.0 |       0 |     392 |   0.0 | 13412
               +---------+---------+-------+---------+---------+-------+---------
           D:1 |       0 |      48 |   0.0 |       0 |      29 |   0.0 |  1323
           D:2 |       0 |      43 |   0.0 |       0 |      18 |   0.0 |   942
           D:3 |       0 |      76 |   0.0 |       0 |      24 |   0.0 |   920
           D:4 |       0 |     625 |   0.0 |       0 |      18 |   0.0 |   855
           D:5 |       0 |     538 |   0.0 |       0 |      19 |   0.0 |   675
           D:6 |       0 |    1129 |   0.0 |       0 |      20 |   0.0 |   708
           D:7 |       0 |    2286 |   0.0 |       0 |      39 |   0.0 |   732
           D:8 |       0 |    1956 |   0.0 |       0 |      38 |   0.0 |  1499
           D:9 |       0 |    1875 |   0.0 |       0 |      19 |   0.0 |   605
          D:10 |       0 |    6254 |   0.0 |       0 |      34 |   0.0 |   962
          D:11 |       0 |    3819 |   0.0 |       0 |      46 |   0.0 |  1035
        Lair:1 |       0 |    4836 |   0.0 |       0 |      19 |   0.0 |  1306
        Lair:2 |       0 |    6968 |   0.0 |       0 |      55 |   0.0 |  1331
        Lair:3 |       0 |     797 |   0.0 |       0 |       4 |   0.0 |    82
         Orc:1 |       0 |     329 |   0.0 |       0 |      10 |   0.0 |   377
               +---------+---------+-------+---------+---------+-------+---------
